 Dungeon Crawl Stone Soup version 0.29.1-2-gbd0b4ee654 (webtiles) character file.

Game seed: 12145470241348909796

115 DemonSlayer the Firebug (level 4, -1/31 HPs)
             Began as a Demonspawn Fire Elementalist on Nov 19, 2022.
             Killed from afar by an orc wizard (12 damage)
             ... with a puff of flame
             ... on level 4 of the Dungeon.
             The game lasted 00:07:57 (3936 turns).

DemonSlayer the Firebug (DsFE)                      Turns: 3936, Time: 00:07:58

Health: -1/31      AC:  3    Str: 10    XL:     4   Next: 68%
Magic:  0/8        EV: 12    Int: 16    God:
Gold:   178        SH:  0    Dex: 14    Spells: 2/8 levels left

rFire   . . .      SeeInvis .   g - +0 dagger
rCold   . . .      Faith    .   (no shield)
rNeg    + . .      Spirit   .   a - +0 robe
rPois   .          Reflect  .   (no helmet)
rElec   .          Harm     .   (no cloak)
rCorr   .          Rampage  .   (no gloves)
Will    .....                   (no boots)
Stlth   ++........              (no amulet)
HPRegen 0.10/turn               p - ring of positive energy
MPRegen 0.22/turn               (no ring)

@: no status effects
A: thin metallic scales 1, magic regeneration, deformed body, mutation
resistance 1
a: no special abilities


You were on level 4 of the Dungeon.
You visited 1 branch of the dungeon, and saw 4 of its levels.

You collected 178 gold pieces.

Inventory:

Hand Weapons
 g - a +0 dagger (weapon)
Missiles
 h - 6 curare-tipped darts
Armour
 a - a +0 robe (worn)
Jewellery
 p - a ring of positive energy (left hand)
Scrolls
 b - a scroll of enchant weapon {unknown}
 d - 4 scrolls of blinking {unknown}
 e - 2 scrolls of teleportation {unknown}
 f - 4 scrolls of fog {unknown}
 i - 2 scrolls of identify {unknown}
 m - a scroll of noise {unknown}
Potions
 c - 2 potions of curing
 j - a potion of lignification {unknown}
 k - a potion of degeneration {unknown}
 l - 2 potions of might {unknown}
 n - a potion of mutation
 o - a potion of ambrosia {unknown}
 q - 2 potions of flight {unknown}
 r - a potion of brilliance {unknown}


   Skills:
 + Level 0.5 Fighting
 + Level 0.4 Short Blades
 + Level 2.1 Dodging
 + Level 2.5 Stealth
 + Level 2.6 Spellcasting
 + Level 2.2 Conjurations
 + Level 3.3 Fire Magic


You had 2 spell levels left.
You knew the following spells:

 Your Spells              Type           Power      Damage    Failure   Level
a - Foxfire               Conj/Fire      44%        2x1d6     6%          1
b - Scorch                Fire           24%        2d6       8%          2
c - Conjure Flame         Conj/Fire      11%        6-21      19%         3

Your spell library contained the following spells:

 Spells                   Type           Power      Damage    Failure   Level
 Inner Flame              Hex/Fire       7%         N/A       28%         3
 Flame Wave               Conj/Fire      11%        2d6       52%         4


Dungeon Overview and Level Annotations

Branches:
Dungeon (4/15)
 Temple: D:4-7

Altars:
Vehumet


Innate Abilities, Weirdness & Mutations

You are partially covered in thin metallic scales. (AC +2)
You regenerate magic rapidly.
Armour fits poorly on your strangely shaped body.
You are somewhat resistant to further mutation.


Message History

Casting: Foxfire (safe; 6% risk of failure)
Confirm with . or Enter, or press ? or * to list all spells.
You conjure some foxfire!
The foxfire hits the orc but does no damage.
The orc is heavily wounded.
The orc hits you with a +0 dagger.
* * * LOW HITPOINT WARNING * * *
The orc hits you but does no damage.
Your foxfire dissipates!
The foxfire hits the orc.
The orc is heavily wounded.
Casting: Foxfire (safe; 6% risk of failure)
Confirm with . or Enter, or press ? or * to list all spells.
You conjure some foxfire!
The foxfire hits the orc priest but does no damage.
The foxfire hits the orc.
You kill the orc!
The orc misses you.
It was a potion of curing.
You feel better. The orc hits you but does no damage. Something hits you.
Something freezes you.
Casting: Foxfire (safe; 6% risk of failure)
Confirm with . or Enter, or press ? or * to list all spells.
You conjure some foxfire!
The orc priest barely misses you. Something hits you but does no damage.
The orc hits you with a +0 club.
* * * LOW HITPOINT WARNING * * *
You feel better.
The foxfire hits the orc priest.
The orc priest is moderately wounded.
The foxfire hits the orc priest.
The orc priest is heavily wounded.
Something hits you. Something freezes you. The orc priest misses you.
The orc barely misses you.
Casting: Foxfire (safe; 6% risk of failure)
Confirm with . or Enter, or press ? or * to list all spells.
You conjure some foxfire!
The orc priest hits you with a +0 dagger.
The orc hits you with a +0 club.
You hear some strange, mumbled words.
A puff of flame appears from out of thin air!
The puff of flame hits you!
You die...

.. .......... ...
#...##........
#..##...##.......#
.................##.
...>................
........##.......#
........##.......#
"......o)v.......#
.......{@v.......##
######.)o##........+
<...#######.......##
#........##.......#
#.................#
#.................#
#...................
#..###..###$.....##.
#..###......#


You could see an orc priest (ally target) and an orc (ally target).

Vanquished Creatures
  3 adders
  A worm (D:2)
  8 orcs
  8 ball pythons
  9 bats
  8 endoplasms
  3 giant cockroaches
  5 goblins
  6 hobgoblins
  2 jackals (D:1)
  6 kobolds
  A quokka (D:1)
  5 frilled lizards
  7 rats
72 creatures vanquished.

Vanquished Creatures (others)
  A frilled lizard (D:3)
  275 foxfires
276 creatures vanquished.

Grand Total: 348 creatures vanquished

Notes
Turn   | Place    | Note
-------+----------+-------------------------------------------
     0 | D:1      | DemonSlayer the Demonspawn Fire Elementalist began the
                  | quest for the Orb.
     0 | D:1      | Reached XP level 1. HP: 13/13 MP: 3/3
   179 | D:1      | Gained mutation: You regenerate magic rapidly. [demonic
                  | ancestry]
   179 | D:1      | Reached XP level 2. HP: 19/19 MP: 0/5
   182 | D:1      | Learned a level 2 spell: Scorch
   207 | D:1      | Reached skill level 3 in Fire Magic
  1340 | D:1      | Reached XP level 3. HP: 18/24 MP: 4/6
  1585 | D:1      | Learned a level 3 spell: Conjure Flame
  1899 | D:2      | Found a faded altar of an unknown god.
  2163 | D:2      | Gained mutation: Armour fits poorly on your strangely
                  | shaped body. [potion of mutation]
  2163 | D:2      | Gained mutation: You are somewhat resistant to further
                  | mutation. [potion of mutation]
  2770 | D:3      | Gained mutation: You are partially covered in thin metallic
                  | scales. (AC +2) [demonic ancestry]
  2770 | D:3      | Reached XP level 4. HP: 31/31 MP: 2/7
  3123 | D:3      | Found a radiant altar of Vehumet.
  3936 | D:4      | Killed from afar by an orc wizard

Illustrated notes

Levels and vault maps discovered:
D:1:      onia_arrival_handbag, layout_loops_ring
D:2:      layout_basic, dreamdust_ecumenical_altar_sealed_demon,
          minmay_randomly_rotated_circles
D:3:      layout_loops_ring, fiery_altar_vehumet
D:4:      layout_gridville, minmay_tree_intersection

Skill      XL: |  1  2  3  4 |
---------------+-------------+-----
Fire Magic     | 3 |  3.3
Stealth        | 2 |  2.5
Dodging        | 2 |  2.1
Conjurations   | 2 |  2.2
Fighting       | |  0.5
Short Blades   | |  0.4
Spellcasting   | |  2.6

Action                   |  1- 3 |  4- 6 || total
-------------------------+-------+-------++-------
Melee: Unarmed           |     1 |       ||     1
       Dagger            |    30 |     1 ||    31
       Hand axe          |     3 |       ||     3
       Punch             |     1 |       ||     1
 Cast: Foxfire           |   100 |    64 ||   164
  Use: Potion            |     2 |     2 ||     4
 Stab: Sleeping          |     4 |     1 ||     5
Armor: Robe              |    11 |     3 ||    14
Dodge: Dodged            |    53 |     6 ||    59
